 Dungeon Crawl Stone Soup version 0.19.3-4-gbf9329e (webtiles) character file.

823 Jerry the Slasher (level 7, -4/53 HPs)
             Began as a Demigod Gladiator on Jan 28, 2017.
             Slain by an ice beast (14 damage)
             ... on level 5 of the Dungeon.
             The game lasted 00:09:13 (5247 turns).

Jerry the Slasher (Demigod Gladiator)               Turns: 5247, Time: 00:09:14

Health: -4/53      AC: 10    Str: 18    XL:     7   Next: 37%
Magic:  9/9        EV: 10    Int: 12    God:
Gold:   128        SH:  0    Dex: 20    Spells: 0 memorised, 6 levels left

rFire  . . .     SeeInvis .     a - +0 long sword
rCold  . . .     Gourm    .     q - +0 chain mail
rNeg   . . .     Faith    .     (no shield)
rPois  .         Spirit   .     c - +0 helmet
rElec  .         Reflect  .     (no cloak)
rCorr  .         Harm     .     (no gloves)
MR     .....                    (no boots)
Stlth  ..........               (no amulet)
                                (no ring)
                                (no ring)

@: no status effects
A: high mp 1
a: no special abilities


You were on level 5 of the Dungeon.
You were hungry.

You visited 1 branch of the dungeon, and saw 5 of its levels.

You collected 128 gold pieces.

Inventory:

Hand Weapons
 a - a +0 long sword (weapon)
Missiles
 d - a throwing net (quivered)
Armour
 c - a +0 helmet (worn)
 q - a +0 chain mail (worn)
 u - a +0 buckler
Scrolls
 i - 2 scrolls of recharging {unknown}
 j - 3 scrolls of identify {unknown}
 k - a scroll of teleportation {unknown}
 o - 2 scrolls of remove curse {unknown}
 r - a scroll of noise {unknown}
 s - a scroll of amnesia {unknown}
 t - 2 scrolls of enchant weapon {unknown}
Potions
 b - a potion of degeneration {unknown}
 e - a potion of magic {unknown}
 h - a potion of agility {unknown}
 l - 2 potions of curing
 m - a potion of brilliance {unknown}
 n - 3 potions of heal wounds {unknown}
 p - a potion of resistance {unknown}
Comestibles
 f - 3 bread rations
 g - 2 meat rations


   Skills:
 - Level 1.7 Fighting
 + Level 5.5 Long Blades
 - Level 1.7 Throwing
 + Level 3.8 Armour
 + Level 5.3 Dodging


You had 6 spell levels left.
You didn't know any spells.

Dungeon Overview and Level Annotations

Branches:
Dungeon (5/15)
 Temple: D:4-7

Annotations:
D:3 Dolanko's ghost, amateur DsGl


Innate Abilities, Weirdness & Mutations

You have an increased reservoir of magic. (+10% MP)


Message History

The ice beast hits you but does no damage.
You hit the ice beast but do no damage.
The ice beast is severely wounded.
The hound bites you.
The ice beast hits you but does no damage.
The hound bites you but does no damage.
Your chain mail prevents you from hitting the ice beast.
The ice beast is severely wounded.
The hound barely misses you. The ice beast hits you. The ice beast freezes you.
* * * LOW HITPOINT WARNING * * *
You are too injured to fight recklessly!
You are too injured to fight recklessly!
You are too injured to fight recklessly!
You hit the ice beast.
The ice beast is severely wounded.
The hound closely misses you.
You riposte.
You closely miss the hound. The ice beast hits you.
* * * LOW HITPOINT WARNING * * *
The ice beast freezes you!
You die...

### ..# #. #.##.#
## .###.##.# #..
....##.## #..
....... #.#
#..##Y#
#.##..##@##
##....##h.## #
##..........#
.###..........##
####.#.......##..#
.........#.......#
.###..##....###..#
.....###.#.# #..#
..####.###.#>#
#..#


You could see an ice beast and a hound.

Vanquished Creatures
  2 ogres
  3 scorpions (D:4)
  2 howler monkeys (D:4)
  An orc priest (D:3)
  2 orc wizards (D:4)
  A bullfrog skeleton (D:5)
  3 iguanas (D:4)
  2 worker ants (D:4)
  2 hound skeletons (D:4)
  9 adders
  2 worms
  A dart slug (D:2)
  4 leopard geckos
  7 orcs
  4 ball pythons
  4 giant cockroaches
  4 goblins
  6 hobgoblins
  11 jackals
  A quokka (D:2)
  7 bats
  2 frilled lizards
  2 kobolds (D:2)
  5 rats
87 creatures vanquished.

Notes
Turn   | Place    | Note
-------+----------+-------------------------------------------
     0 | D:1      | Jerry the Demigod Gladiator began the quest for the Orb.
     0 | D:1      | Reached XP level 1. HP: 17/17 MP: 3/3
   467 | D:1      | Reached XP level 2. HP: 24/24 MP: 4/4
  1089 | D:2      | Reached XP level 3. HP: 27/29 MP: 5/5
  1312 | D:2      | Reached skill level 1 in Armour
  1451 | D:2      | Found a faded altar of an unknown god.
  1815 | D:3      | Reached XP level 4. HP: 34/36 MP: 6/6
  2431 | D:3      | Noticed Dolanko's ghost (amateur DsGl)
  2800 | D:4      | Reached XP level 5. HP: 16/41 MP: 7/7
  3860 | D:4      | Reached XP level 6. HP: 34/48 MP: 8/8
  4877 | D:4      | Reached skill level 5 in Long Blades
  4894 | D:4      | Reached skill level 5 in Dodging
  4894 | D:4      | Reached XP level 7. HP: 44/53 MP: 9/9
  4931 | D:4      | Found a hazy altar of Hepliaklqana.
  5196 | D:5      | Entered Level 5 of the Dungeon
  5247 | D:5      | Slain by an ice beast

Skill      XL: |  1  2  3  4  5  6 |
---------------+-------------------+-----
Dodging        | 3 4 5 |  5.3
Long Blades    | 3 4 5 |  5.5
Armour         | 1 2 3 |  3.8
Fighting       | |  1.7
Throwing       | |  1.7

Action                   |  1- 3 |  4- 6 |  7- 9 || total
-------------------------+-------+-------+-------++-------
Melee: Long sword        |   114 |   215 |    40 ||   369
Throw: Throwing net      |       |     1 |     1 ||     2
  Use: Potion            |       |     1 |       ||     1
 Stab: Sleeping          |     1 |       |       ||     1
       Held in net/web   |       |       |     2 ||     2
  Eat: Chunk             |     3 |     3 |       ||     6
       Pizza             |       |     1 |       ||     1
       Beef jerky        |       |     1 |       ||     1
       Bread ration      |       |     1 |       ||     1
Armor: Leather armour    |     4 |     4 |       ||     8
       Chain mail        |    57 |    89 |    28 ||   174
Dodge: Dodged            |    78 |   122 |    21 ||   221
       Rpst.: Long sword |    28 |    40 |     9 ||    77
